 Dungeon Crawl Stone Soup version 0.30-a0-1082-g70414cbcbb (webtiles) character file.

Game seed: 10794497938019667806

184 ryw the Cudgeller (level 5, -2/41 HPs)
             Began as a Mummy Fighter on Apr 16, 2023.
             Killed from afar by Sigmund (8 damage)
             ... with a magic dart
             ... on level 3 of the Dungeon.
             The game lasted 00:04:06 (2024 turns).

ryw the Cudgeller (Mummy Fighter)                   Turns: 2024, Time: 00:04:06

Health: -2/41      AC:  8    Str: 21    XL:     5   Next: 36%
Magic:  5/5        EV:  9    Int:  7    God:
Gold:   142        SH:  4    Dex: 12    Spells: 4/4 levels left

rFire   x . .      SeeInvis .    a - +0 flail
rCold   + . .      Faith    +    c - +0 buckler
rNeg    + + +      Spirit   .    b - +0 scale mail
rPois   ∞          Reflect  .    (no helmet)
rElec   .          Rampage  .    (no cloak)
rCorr   .                        i - +1 pair of gloves
Will    .....                    (no boots) Stlth
                                 f - amulet of regeneration
HPRegen 1.06/turn                (no ring)
MPRegen 0.09/turn                (no ring)

@: no status effects
A: cold resistance 1, negative energy resistance 3, torment resistance 2, heat
vulnerability 1, in touch with death 1, no potions, faith
a: no special abilities


You were on level 3 of the Dungeon.
You visited 1 branch of the dungeon, and saw 3 of its levels.

You collected 142 gold pieces.

Inventory:

Hand Weapons
 a - a +0 flail (weapon)
Missiles
 d - 2 poisoned darts (quivered)
Armour
 b - a +0 scale mail (worn)
 c - a +0 buckler (worn)
 i - a +1 pair of gloves (worn)
Jewellery
 f - an amulet of regeneration (around neck)


   Skills:
 - Level 3.0 Fighting
 + Level 4.7 Maces & Flails
 - Level 2.4 Armour
 - Level 2.4 Shields


You had 4 spell levels left.
You didn't know any spells.
Your spell library contained the following spells:

 Spells                   Type           Power      Damage    Failure   Level
 Ensorcelled Hibernation  Hex/Ice        0%         N/A       95%         2
 Passwall                 Tmut/Erth      0%         N/A       95%         2
 Swiftness                Air            0%         N/A       99%         3


Dungeon Overview and Level Annotations

Branches:
Dungeon (3/15)

Altars:
Uskayaw
Xom

Annotations:
D:3 Biggs's ghost, weakling VSMo; Sigmund


Innate Abilities, Weirdness & Mutations

You are immune to poison.
Your flesh is cold resistant. (rC+)
You are immune to negative energy. (rN+++)
You are immune to unholy pain and torment.
You are vulnerable to heat. (rF-)
You are in touch with the powers of death.
You do not drink.
You have a special connection with the divine. (Faith)


Message History

You miss something. Something hits you but does no damage.
You miss something. You sock something! Something hits you!
You closely miss something. Something hits you!
You closely miss something.
Your quokka dissolves into shadows!
Something hits you.
You barely miss something. Something hits you!
You barely miss something.
Sigmund appears from thin air!
Reactivating autopickup.
Your adder closely misses Sigmund.
You hit Sigmund.
Sigmund is severely wounded.
Sigmund barely misses you.
Your quokka misses Sigmund.
Your adder barely misses Sigmund.
You barely miss Sigmund.
Sigmund is severely wounded.
Your quokka misses Sigmund.
Your adder bites Sigmund but does no damage.
Sigmund barely misses you.
Your adder barely misses Sigmund.
Your quokka bites Sigmund.
You closely miss Sigmund.
Sigmund is severely wounded.
Your quokka dissolves into shadows!
Your adder dissolves into shadows!
Sigmund hits you with a +0 scythe!
* * * LOW HITPOINT WARNING * * *
As you read the scroll labelled NODOOD ULAD FULU, it crumbles to dust.
It is a scroll of identify.
You don't currently have any unidentified items.
Sigmund points at you and mumbles some strange words.
The magic dart hits you!
* * * LOW HITPOINT WARNING * * *
You can't drink.
Unknown command.
Unknown command.
The air fills with toxic fumes!
As you read the scroll of poison, it crumbles to dust.
Sigmund points at you and mumbles some strange words.
The magic dart hits you!
You die...

.......## #### ######
#..§#§.#####..# ...§§§#
#..§§§......... ####§§§
#.§§§.###..<... #..#§§§
#§§#...##......
#.(#§§§###§§#.#........#
#.(#§§§§§§§...###.......
#....#
####§§§§§###...###......
#....#
§§§§§§@@§####..........#
#....#
§#####§§§§§§§§§........#
#....###
#§§#####§§>.....###
#...?.. #.§§§#
#........# #....#
..§#### #........#
#....# ..§# .........
#.<..# #§§ .........
#....# #§ ..........
......... ..........


You could see Sigmund and 2 dancing weapons.

Vanquished Creatures
  A scorpion (D:3)
  Natasha (D:3)
  4 adders
  2 worms (D:2)
  4 dart slugs
  2 orcs (D:3)
  3 endoplasms
  3 giant cockroaches (D:2)
  2 hobgoblins
  A jackal (D:2)
  2 quokkas (D:1)
  5 ball pythons
  5 bats
  4 frilled lizards
  4 goblins (D:1)
  4 kobolds
  5 rats
52 creatures vanquished.

Vanquished Creatures (collateral kills)
  A goblin (D:3)
1 creature vanquished.

Grand Total: 53 creatures vanquished

Notes
Turn   | Place    | Note
-------+----------+-------------------------------------------
     0 | D:1      | ryw the Mummy Fighter began the quest for the Orb.
     0 | D:1      | Reached XP level 1. HP: 18/18 MP: 1/1
    83 | D:1      | Reached skill level 2 in Maces & Flails
   257 | D:1      | Reached XP level 2. HP: 24/24 MP: 2/2
   679 | D:2      | Gained mutation: You are in touch with the powers of death.
                  | [Mummy growth]
   679 | D:2      | Reached XP level 3. HP: 27/29 MP: 3/3
   697 | D:2      | Found a shimmering altar of Xom.
   715 | D:2      | Reached skill level 3 in Maces & Flails
   798 | D:2      | Found a faded altar of an unknown god.
  1093 | D:2      | Reached XP level 4. HP: 31/35 MP: 4/4
  1782 | D:3      | Noticed Biggs's ghost (weakling VSMo)
  1782 | D:3      | Noticed Natasha
  1824 | D:3      | Noticed a scorpion
  1931 | D:3      | Killed Natasha
  1932 | D:3      | Reached skill level 4 in Maces & Flails
  1957 | D:3      | Found a hide-covered altar of Uskayaw.
  1986 | D:3      | Noticed a +0 hand axe
  1986 | D:3      | Noticed a +0 hand axe
  1986 | D:3      | Noticed Sigmund
  1997 | D:3      | Killed a scorpion
  1998 | D:3      | Reached XP level 5. HP: 36/41 MP: 5/5
  2024 | D:3      | Killed from afar by Sigmund

Illustrated notes

Levels and vault maps discovered:
D:1:      ncdulo_halloftheorcs, layout_loops_ring
D:2:      layout_loops_corners, basic_altar,
          shapermc_ecumenical_altar_notcrosses, minmay_tetromino_l2
D:3:      layout_rooms, dancing_weapons_uskayaw, gammafunk_ghost_icy,
          uniq_sigmund, uniq_natasha, uniq_ijyb

Skill      XL: |  1  2  3  4 |
---------------+-------------+-----
Maces & Flails | 2 3 4 |  4.7
Fighting       | |  3.0
Armour         | |  2.4
Shields        | |  2.4

Action                     |  1- 3 |  4- 6 || total
---------------------------+-------+-------++-------
  Melee: Flail             |   135 |    89 ||   224
    Use: Scroll            |       |    10 ||    10
   Stab: Distracted        |       |     1 ||     1
 Armour: Scale mail        |    77 |    52 ||   129
  Dodge: Dodged            |    64 |    43 ||   107
  Block: Buckler           |    23 |    21 ||    44

Table legend: (Time is in decaauts)
 A = Elapsed time spent in this place.
 B = Non-inter-level travel time spent in this place.
 C = Inter-level travel time spent in this place.
 D = Time resting spent in this place.
 E = Time spent auto-exploring this place.
 F = Levels seen in this place.
 G = Mean time per level.
                   A        B        C        D        E       F      G
               +--------+--------+--------+--------+--------+-----+--------+
         Total |   2088 |   1942 |    146 |    120 |   1315 |   3 |  696.0 |
       Dungeon |   2088 |   1942 |    146 |    120 |   1315 |   3 |  696.0 |
               +--------+--------+--------+--------+--------+-----+--------+

Top non-repeatable levels by time:
     D:2: 1203 daAuts
     D:1: 685 daAuts
     D:3: 198 daAuts
